 Dungeon Crawl Stone Soup version 0.26.1-2-gb8aa6d0cf2 (webtiles) character file.

Game seed: 8538223877543548361

684 Allula97 the Twirler (level 7, -1/54 HPs)
             Began as a Demonspawn Gladiator on Feb 26, 2021.
             Slain by a wolf (7 damage)
             ... on level 8 of the Dungeon.
             The game lasted 00:09:28 (3082 turns).

Allula97 the Twirler (Demonspawn Gladiator)         Turns: 3082, Time: 00:09:29

Health: -1/54      AC:  7    Str: 17    XL:     7   Next: 35%
Magic:  10/10      EV: 13    Int:  9    God:
Gold:   123        SH:  0    Dex: 14    Spells: 11/11 levels left

rFire    . . .     SeeInvis .   a - +0 quarterstaff
rCold    + . .     Faith    .   (shield currently unavailable)
rNeg     . . .     Spirit   .   e - +0 ring mail
rPois    .         Reflect  .   (helmet restricted)
rElec    .         Harm     .   (no cloak)
rCorr    .         Rampage  .   (no gloves)
Will     .....                  (no boots)
Stlth    +.........             h - amulet of magic regeneration
HPRegen  0.18/turn              k - ring of protection from cold
MPRegen  0.37/turn              (no ring)

@: no status effects
A: horns 2, rugged brown scales 2, powered by death 1
a: no special abilities


You were on level 8 of the Dungeon.
You visited 1 branch of the dungeon, and saw 7 of its levels.

You collected 203 gold pieces.
You spent 80 gold pieces at shops.

Inventory:

Hand Weapons
 a - a +0 quarterstaff (weapon)
Missiles
 d - 2 throwing nets (quivered)
 o - 3 atropa-tipped darts
Armour
 b - a +0 leather armour
 c - a +0 helmet
 e - a +0 ring mail (worn)
Jewellery
 h - an amulet of magic regeneration (around neck)
 k - a ring of protection from cold (left hand)
Wands
 p - a wand of digging (3)
Scrolls
 g - a scroll of noise {unknown}
 i - 2 scrolls of teleportation
 n - a scroll of enchant weapon
 q - a scroll of random uselessness {unknown}
 r - a scroll of remove curse
 t - 2 scrolls of identify
 u - 2 scrolls of immolation
 v - a scroll of amnesia {unknown}
Potions
 f - a potion of mutation {unknown}
 j - a potion of curing
 l - a potion of lignification
 m - a potion of berserk rage {unknown}
 s - a potion of haste {unknown}
 w - a potion of heal wounds


   Skills:
 * Level 3.2 Fighting
 * Level 5.1 Staves
 - Level 1.7 Throwing
 * Level 2.6 Armour
 * Level 4.2 Dodging
 - Level 0.5 Stealth
 * Level 2.6 Spellcasting


You had 11 spell levels left.
You didn't know any spells.
Your spell library contained the following spells:

 Spells                   Type           Power        Failure   Level
 Cause Fear               Hex            0%           99%         4
 Silence                  Hex/Air        0%           100%        5
 Yara's Violent Unravell  Hex/Tmut       0%           100%        5
 Discord                  Hex            0%           100%        8


Dungeon Overview and Level Annotations

Branches:
Dungeon (8/15)
 Temple: D:4-7         Lair: D:8-11

Altars:
Fedhas
Okawaru
Sif Muna

Shops:
D:8 !

Annotations:
D:8 Harold


Innate Abilities, Weirdness & Mutations

You have a pair of horns on your head.
You are mostly covered in rugged brown scales. (AC +2, +5% HP)
You regenerate a little health from kills.


Message History

The wolf bites you but does no damage.
You closely miss the wolf.
You headbutt the wolf, but do no damage.
The wolf is severely wounded.
The wolf bites you but does no damage. The ice beast hits you.
The ice beast freezes you. You resist.
The wolf pauses to sniff the ground.
The wolf bites you! The wolf bites you.
* * * LOW HITPOINT WARNING * * *
The wolf closely misses you.
A hound and an electric eel come into view.
The hound barks!
The wolf closely misses you.
The electric eel shoots out a bolt of lightning at you!
The bolt of electricity hits you!
* * * LOW HITPOINT WARNING * * *
You hit the wolf.
The wolf is moderately wounded.
The wolf bites you!
You die...

.≈≈≈.........
h;.≈≈......
≈≈....... ≈≈
.≈......
.≈........
........
#.##.#.#
#######.##.#@#
#..........#h#
#.........Y.h#
#............#
#......).....#
#........†...#
#............#
#............#
#..........#>#


You could see 2 wolves, a hound and an electric eel.

Vanquished Creatures
  An ice beast (D:5)
  2 ogres
  A centaur skeleton (D:5)
  2 orc priests (D:7)
  4 hounds
  Ijyb (D:3)
  An orc wizard (D:7)
  Natasha (twice) (D:3)
  A worker ant (D:8)
  2 adders
  2 ufetubi
  An ooze (D:5)
  4 dart slugs
  2 leopard geckos
  2 orcs
  2 ball pythons
  2 giant cockroaches (D:1)
  8 goblins
  8 hobgoblins
  3 jackals (D:2)
  3 quokkas
  6 bats
  7 frilled lizards
  6 kobolds
  4 rats
77 creatures vanquished.

Notes
Turn   | Place    | Note
-------+----------+-------------------------------------------
     0 | D:1      | Allula97 the Demonspawn Gladiator began the quest for the
                  | Orb.
     0 | D:1      | Reached XP level 1. HP: 16/16 MP: 1/1
   290 | D:1      | Gained mutation: You regenerate a little health from kills.
                  | [demonic ancestry]
   290 | D:1      | Reached XP level 2. HP: 9/22 MP: 2/2
   557 | D:1      | Reached skill level 3 in Staves
   851 | D:1      | Gained mutation: You have a pair of small horns on your
                  | head. [demonic ancestry]
   851 | D:1      | Reached XP level 3. HP: 27/27 MP: 3/3
  1235 | D:1      | Reached skill level 1 in Armour
  1266 | D:2      | Found an iron altar of Okawaru.
  1358 | D:2      | Found a shimmering blue altar of Sif Muna.
  1823 | D:2      | Gained mutation: You have a pair of horns on your head.
                  | [demonic ancestry]
  1823 | D:2      | Reached XP level 4. HP: 26/34 MP: 5/5
  2134 | D:3      | Noticed Natasha
  2149 | D:3      | Killed Natasha
  2150 | D:3      | Reached skill level 1 in Spellcasting
  2176 | D:3      | Noticed Ijyb
  2193 | D:3      | Killed Ijyb
  2199 | D:3      | Noticed Natasha
  2210 | D:3      | Killed Natasha
  2211 | D:3      | Gained mutation: You are partially covered in rugged brown
                  | scales. (AC +1, +3% HP) [demonic ancestry]
  2211 | D:3      | Reached XP level 5. HP: 17/40 MP: 7/7
  2429 | D:3      | You fall into a shaft and drop 2 floors!
  2429 | D:5      | Entered Level 5 of the Dungeon
  2529 | D:5      | Noticed an ice beast
  2549 | D:5      | Killed an ice beast
  2550 | D:5      | Reached skill level 4 in Staves
  2550 | D:5      | Gained mutation: You are mostly covered in rugged brown
                  | scales. (AC +2, +5% HP) [demonic ancestry]
  2550 | D:5      | Reached XP level 6. HP: 40/48 MP: 8/8
  2610 | D:4      | You fall into a shaft and drop 3 floors!
  2664 | D:7      | Found a blossoming altar of Fedhas.
  2948 | D:7      | Reached XP level 7. HP: 54/54 MP: 10/10
  2960 | D:7      | Noticed Harold
  3004 | D:8      | Found Ypek's Distillery.
  3017 | D:8      | Reached skill level 5 in Staves
  3029 | D:8      | Bought a potion of curing for 30 gold pieces
  3029 | D:8      | Bought a potion of heal wounds for 50 gold pieces
  3082 | D:8      | Slain by a wolf

Illustrated notes

Levels and vault maps discovered:
D:1:      lemuel_arrival_tunnels, layout_loops_cross, minmay_heptomino_d4
D:2:      layout_basic, nicolae_overflow_crystal_walls, okawaru_gym_becter
D:3:      layout_basic, lemuel_coloured_pillars_altar, general_overflow_altar,
          wander_ebering_terrifying_dragon_lair, uniq_ijyb, uniq_natasha
D:4:      layout_loops_ring, uniq_duvessa, uniq_grinder
D:5:      layout_basic, nicolae_ru_path_of_blood
D:7:      layout_loops_cross, fedhas_altar_3, uniq_harold, uniq_menkaure
D:8:      layout_basic, old_standard_altar,
          chequers_temple_overflow_statue_of_worship, erik_lair_island,
          serial_shops, nicolae_shop_stone

Skill      XL: |  1  2  3  4  5  6  7 |
---------------+----------------------+-----
Staves         | 3 4 5 |  5.1
Dodging        | 3 4 |  4.2
Armour         | 1 2 |  2.6
Spellcasting   | 1 2 |  2.6
Fighting       | 3 |  3.2
Throwing       | |  1.7
Stealth        | |  0.5

Action                   |  1- 3 |  4- 6 |  7- 9 || total
-------------------------+-------+-------+-------++-------
Melee: Quarterstaff      |   134 |   106 |    41 ||   281
       Headbutt          |     7 |    12 |     8 ||    27
       Unarmed           |       |       |    13 ||    13
Throw: Throwing net      |       |     4 |     2 ||     6
  Use: Scroll            |     4 |       |     2 ||     6
       Potion            |       |     4 |       ||     4
 Stab: Held in net/web   |       |     2 |     4 ||     6
Armor: Leather armour    |    41 |       |       ||    41
       Ring mail         |     3 |    27 |    12 ||    42
       Skin              |       |    11 |       ||    11
Dodge: Dodged            |   103 |    65 |    49 ||   217
